 Dungeon Crawl Stone Soup version 0.22.0-78-g6c94d2c (webtiles) character file.

67780 inc the Fighter (level 14, -1/116 HPs)
             Began as a Mummy Fire Elementalist on Sept 16, 2018.
             Was an Initiate of Gozag.
             Shot with an arrow by Nessos (6 damage)
             ... on level 2 of the Orcish Mines.
             The game lasted 01:09:39 (36429 turns).

inc the Fighter (Mummy Fire Elementalist)          Turns: 36429, Time: 01:09:40

Health: -1/116     AC: 18    Str: 17    XL:     14   Next: 84%
Magic:  11/30      EV: 21    Int: 19    God:    Gozag
Gold:   2084       SH:  0    Dex: 17    Spells: 22/38 levels left

rFire    . . .     SeeInvis .   w - +2 whip (venom)
rCold    + + .     Gourm    .   (no shield)
rNeg     + + +     Faith    .   p - quicksilver dragon scales
rPois    ∞         Spirit   .   x - +1 helmet
rElec    +         Reflect  .   (no cloak)
rCorr    +         Harm     .   (no gloves)
MR       ++...                  l - +0 pair of boots
Stlth    +.........             (no amulet)
HPRegen  0.29/turn              u - ring "Ysibioch" {EV+4 Dex+5}
MPRegen  0.22/turn              C - +3 ring of protection

@: mighty, resistant, hasted, studying Ice Magic, very quick
A: no food or potions, fire vulnerability, cold resistance 1, negative energy
resistance 3, torment resistance, unbreathing, in touch with death 1
a: Potion Petition, Call Merchant, Bribe Branch, Renounce Religion


You were on level 2 of the Orcish Mines.
You worshipped Gozag.
Gozag was most pleased with you.
You were not hungry.

You visited 5 branches of the dungeon, and saw 25 of its levels.
You also visited: Ice Cave.

You collected 7007 gold pieces.
You spent 1271 gold pieces at shops.
You paid 3652 gold pieces to Gozag.

Inventory:

Hand Weapons
 e - a +0 dagger of venom
 f - a +0 short sword
 i - a +0 blowgun
 w - a +2 whip of venom (weapon)
Missiles
 j - 46 poisoned needles
 S - 9 curare-tipped needles
Armour
 a - a +0 robe
 l - a +0 pair of boots (worn)
 m - a +0 helmet
 p - quicksilver dragon scales (worn)
 v - a +1 robe of resistance
 x - a +1 helmet (worn)
 M - a +2 hat
Jewellery
 h - an uncursed ring of protection from magic
 u - the ring "Ysibioch" (left hand) {EV+4 Dex+5}
   (You bought it in a shop on level 8 of the Dungeon)

   [ring of evasion]

   It affects your evasion (+4).
   It affects your dexterity (+5).
 z - a +1 ring of evasion
 C - a +3 ring of protection (right hand)
 I - an uncursed ring of ice
 T - an uncursed ring of wizardry
Wands
 r - a wand of flame (32)
 s - a wand of scattershot (4)
 B - a wand of acid (8)
 L - a wand of iceblast (24)
 N - a wand of paralysis (13)
 R - a wand of disintegration (28)
 W - a wand of random effects (22)
Scrolls
 b - 3 scrolls of identify
 c - 5 scrolls of immolation
 d - a scroll of amnesia
 g - 11 scrolls of remove curse
 k - 3 scrolls of random uselessness
 n - 4 scrolls of magic mapping
 o - 4 scrolls of teleportation
 q - 2 scrolls of enchant weapon
 A - a scroll of vulnerability
 H - a scroll of enchant armour
 O - a scroll of fear
Books
 J - a manual of Ice Magic
 K - a manual of Ice Magic


   Skills:
 + Level 12.7 Fighting
 - Level 7.5 Armour
 - Level 10.0 Dodging
 - Level 1.5 Stealth
 - Level 12.6 Spellcasting
 - Level 9.3 Conjurations
 - Level 9.3 Fire Magic


You had 22 spell levels left.
You knew the following spells:

 Your Spells              Type           Power        Failure   Level  Hunger
a - Flame Tongue          Conj/Fire      #####        1%          1    N/A
b - Conjure Flame         Conj/Fire      #####...     1%          3    N/A
c - Sticky Flame          Conj/Fire      #####...     1%          4    N/A
d - Fireball              Conj/Fire      #####.....   5%          5    N/A
e - Inner Flame           Hex/Fire       ####....     4%          3    N/A

Your spell library contained the following spells:

 Spells                   Type           Power        Failure   Level  Hunger
 Throw Flame              Conj/Fire      #####.       1%          2    N/A
 Static Discharge         Conj/Air       ####....     4%          3    N/A
 Stone Arrow              Conj/Erth      ####..       4%          3    N/A
 Sandblast                Erth           ##....       10%         1    N/A
 Corpse Rot               Necr           N/A          14%         2    N/A
 Passwall                 Tmut/Erth      ##......     14%         2    N/A
 Recall                   Summ/Tloc      N/A          28%         3    N/A
 Lightning Bolt           Conj/Air       ####......   36%         5    N/A
 Animate Dead             Necr           N/A          67%         4    N/A
 Leda's Liquefaction      Hex/Erth       ##........   67%         4    N/A
 Petrify                  Tmut/Erth      ##......     67%         4    N/A
 Borgnjor's Vile Clutch   Necr/Erth      ###.......   95%         5    N/A
 Lee's Rapid Deconstruct  Erth           ##........   95%         5    N/A
 Summon Forest            Summ/Tloc      ##........   95%         5    N/A
 Death Channel            Necr           ###.......   100%        6    N/A
 Simulacrum               Ice/Necr       ###.......   100%        6    N/A
 Summon Hydra             Summ           ##........   100%        7    N/A
 Ignition                 Fire           #####.....   100%        8    N/A
 Shatter                  Erth           ##........   100%        9    N/A
 Tornado                  Air            ##........   100%        9    N/A
 Hydra Form               Tmut           Unusable     N/A         6    N/A

Dungeon Overview and Level Annotations

Branches:
Dungeon (15/15)            Temple (1/1) D:4            Lair (6/6) D:11
  Swamp (1/4) Lair:3        Snake (0/4) Lair:4          Orc (2/2) D:9
 Vaults (0/5) D:14
  Slime: Lair:5-6       Elf: Orc:2       Depths: D:15

Altars:
Ashenzari
Cheibriados
Dithmenos
Elyvilon
Fedhas
Gozag
Hepliaklqana
Kikubaaqudgha
Makhleb
Nemelex Xobeh
Okawaru
Qazlal
Ru
Sif Muna
Trog
Uskayaw
Wu Jian
Xom
Yredelemnul
Zin
The Shining One
Beogh

Shops:
D:6 :   D:8 =   Orc:1 :   Lair:4 [[

Annotations:
D:12 exclusion: oklob plant
Lair:3 Rupert
Orc:1 Donald
Orc:2 Nessos


Innate Abilities, Weirdness & Mutations

You do not eat or drink.
Your flesh is vulnerable to fire.
You are immune to poison.
Your flesh is cold resistant. (rC+)
You are immune to negative energy. (rN+++)
You are immune to unholy pain and torment.
You can survive without breathing.
You are in touch with the powers of death.


Message History

Nessos burns!
Nessos mumbles some strange words.
Nessos seems to speed up.
You whack Nessos!
Nessos is moderately wounded.
Nessos burns!
Nessos hits you but does no damage.
Nessos blinks!
Unknown command.
Nessos wields an uncursed longbow of flaming.
It bursts into flame!
Nessos shoots an arrow.
The arrow hits you!
* * * LOW HITPOINT WARNING * * *
The arrow burns you.
* * * LOW HITPOINT WARNING * * *
You see here 2 arrows.
As you read the scroll of fog, it crumbles to dust.
The scroll dissolves into smoke.
Nessos burns!
Nessos blinks!
Nessos burns!
Nessos shoots an arrow.
The arrow hits you!
* * * LOW HITPOINT WARNING * * *
The arrow burns you.
You die...
Your body crumbles into a pile of gold.

. #.....### ..
####.[$..(## ...
#....)<(...##
....##.(.)......§##
.......$.##..$....##
........c.#c.$$§.§.##
#.....$<...##$§§§...#
..........###§§§§..##
..........)#(§§@§.##
......#...))..§§§##
.##.#.#...$.....##
#####...).$(.##
##.....### #####.#
###


You could see Nessos (burning).

Vanquished Creatures
  Josephine (D:11)
  A vault guard (D:14)
  3 hydras
  A queen ant (Lair:2)
  4 death yaks (Lair:4)
  A centaur warrior (D:14)
  An alligator (Swamp:1)
  6 two-headed ogres
  Urug (Lair:5)
  An orc high priest (Orc:1)
  A necromancer (IceCv)
  2 ugly things
  2 deep elf magi
  3 orc sorcerers
  5 cyclopes
  5 elephants
  2 black mambas
  Psyche (D:9)
  Maurice (Orc:2)
  A guardian serpent (D:13)
  An ice statue (IceCv)
  Joseph (D:10)
  13 spiny frogs
  A spiny frog (shapeshifter) (D:13)
  3 rime drakes (Lair:4)
  7 komodo dragons
  12 freezing wraiths
  A hornet (shapeshifter) (D:15)
  5 polar bears
  2 hornets (D:8)
  4 trolls
  4 hippogriffs
  7 slime creatures (D:12)
  15 blink frogs
  4 wraiths
  49 yaks
  5 wyverns
  5 basilisks
  A vampire (D:12)
  3 hungry ghosts
  7 vampire mosquitoes
  8 wargs
  A death yak simulacrum (IceCv)
  An insubstantial wisp (Lair:3)
  9 soldier ants (Lair:2)
  2 swamp worms
  9 water moccasins
  A swamp drake (D:11)
  14 porcupines
  15 orc warriors
  3 sky beasts
  9 ice beasts
  An eye of draining (shapeshifter) (D:14)
  A hornet zombie (D:14)
  A necrophage (D:12)
  2 black bears (Lair:2)
  A phantom (D:10)
  14 ogres
  5 centaurs
  13 wolves
  8 crocodiles
  3 big kobolds
  A wyvern zombie (D:12)
  15 bullfrogs
  4 scorpions
  A water moccasin skeleton (D:9)
  3 wyvern skeletons
  11 killer bees
  3 wights (D:8)
  5 howler monkeys
  2 electric eels (Lair:3)
  7 crimson imps
  5 centaur zombies
  A bullfrog zombie (D:5)
  5 draconian simulacra (IceCv)
  5 jellies
  A quasit (D:11)
  7 hounds
  2 bullfrog skeletons
  2 centaur skeletons
  10 orc priests
  A gnoll shaman (Orc:1)
  Jessica (D:2)
  2 iguanas
  19 orc wizards
  4 troll simulacra (IceCv)
  37 worker ants
  3 polar bear simulacra (IceCv)
  4 centaur simulacra (IceCv)
  A hound skeleton (D:10)
  A howler monkey zombie (D:10)
  6 gnolls
  5 naga simulacra (IceCv)
  2 ogre simulacra (IceCv)
  8 adders
  6 shadow imps
  12 white imps (IceCv)
  An ooze (D:6)
  An adder zombie (D:10)
  4 worms
  5 dart slugs
  6 leopard geckos
  78 orcs
  3 giant cockroaches
  7 goblins
  13 hobgoblins
  12 jackals
  21 kobolds
  5 quokkas
  2 ball pythons
  2 frilled lizards
  A jackal skeleton (D:5)
  A quokka skeleton (D:7)
  8 rats
686 creatures vanquished.

Vanquished Creatures (others)
  A killer bee (D:8)
  An orc wizard (Orc:1)
  A bush (Lair:5)
  21 fungi
  8 plants
32 creatures vanquished.

Grand Total: 718 creatures vanquished

Notes
Turn   | Place    | Note
-------+----------+-------------------------------------------
     0 | D:1      | inc the Mummy Fire Elementalist began the quest for the
                  | Orb.
     0 | D:1      | Reached XP level 1. HP: 13/13 MP: 4/4
     5 | D:1      | Reached skill level 1 in Conjurations
   137 | D:1      | Reached XP level 2. HP: 19/19 MP: 1/5
   556 | D:1      | Reached XP level 3. HP: 23/24 MP: 0/7
  1871 | D:2      | Reached XP level 4. HP: 30/30 MP: 6/8
  1931 | D:2      | Noticed Jessica
  1946 | D:2      | Killed Jessica
  2743 | D:3      | Reached XP level 5. HP: 8/35 MP: 0/10
  2831 | D:3      | Learned a level 3 spell: Conjure Flame
  2836 | D:3      | Learned a level 4 spell: Sticky Flame
  3488 | D:4      | Found a staircase to the Ecumenical Temple.
  3561 | Temple   | Entered the Ecumenical Temple
  3666 | Temple   | Became a worshipper of Gozag Ym Sagoz the Greedy
  3746 | D:4      | Reached XP level 6. HP: 31/41 MP: 7/12
  4079 | D:4      | Reached skill level 5 in Spellcasting
  4396 | D:5      | Entered Level 5 of the Dungeon
  4540 | D:5      | Reached XP level 7. HP: 33/46 MP: 6/14
  4854 | D:5      | Found a glowing silver altar of Zin.
  5897 | D:6      | Found a sacrificial altar of Ru.
  5989 | D:6      | Found Gete's Book Shop.
  6591 | D:7      | Reached XP level 8. HP: 47/52 MP: 8/17
  6592 | D:7      | Reached skill level 5 in Conjurations
  6598 | D:7      | Reached skill level 5 in Fire Magic
  7621 | D:8      | Noticed a hornet
  7626 | D:8      | Noticed a hornet
  7628 | D:8      | Killed a hornet
  7635 | D:8      | Killed a hornet
  7635 | D:8      | Reached XP level 9. HP: 26/57 MP: 2/21
  7961 | D:9      | Noticed Psyche
  8790 | D:8      | Found Soirph's Jewellery Shoppe.
  8823 | D:8      | Bought the ring "Ysibioch" {EV+4 Dex+5} for 535 gold pieces
  8891 | D:9      | Reached skill level 1 in Fighting
  8891 | D:9      | Paralysed by something for 6 turns
  9209 | D:9      | Killed Psyche
 10062 | D:9      | Learned a level 3 spell: Inner Flame
 10066 | D:9      | Reached XP level 10. HP: 73/73 MP: 10/23
 10075 | D:9      | Reached skill level 5 in Fighting
 10209 | D:9      | Reached skill level 5 in Dodging
 10925 | D:9      | Found a staircase to the Orcish Mines.
 11256 | D:10     | Entered Level 10 of the Dungeon
 11586 | Orc:1    | Entered Level 1 of the Orcish Mines
 11586 | Orc:1    | Noticed an orc sorcerer
 11949 | D:10     | You fall through a shaft!
 12258 | D:11     | Noticed a two-headed ogre
 12272 | D:11     | Killed a two-headed ogre
 12420 | D:10     | Found a snail-covered altar of Cheibriados.
 12420 | D:10     | Noticed a purple ugly thing
 12496 | D:11     | Reached XP level 11. HP: 86/86 MP: 16/24
 12797 | D:11     | Noticed a five-headed hydra
 12805 | D:11     | Killed a five-headed hydra
 12938 | D:11     | Noticed a two-headed ogre
 12947 | D:11     | Killed a two-headed ogre
 14340 | D:10     | Reached skill level 1 in Armour
 14749 | D:10     | Killed a purple ugly thing
 14857 | D:10     | Noticed Josephine
 15033 | D:11     | Found a staircase to the Lair.
 15661 | D:12     | Noticed a brown ugly thing
 15695 | D:12     | Reached skill level 5 in Armour
 15958 | D:12     | Killed a brown ugly thing
 16341 | D:12     | Reached XP level 12. HP: 59/95 MP: 1/25
 16983 | D:12     | Found a blossoming altar of Fedhas.
 17903 | Lair:1   | Entered Level 1 of the Lair of Beasts
 19057 | Lair:2   | Noticed a queen ant
 19088 | Lair:2   | Killed a queen ant
 19396 | Lair:2   | Reached skill level 10 in Spellcasting
 21026 | Lair:3   | Noticed Rupert
 21329 | Lair:4   | Noticed a death yak
 21330 | Lair:4   | Noticed a death yak
 21333 | Lair:4   | Noticed a death yak
 21359 | Lair:4   | Noticed a death yak
 21363 | Lair:4   | Killed a death yak
 21363 | Lair:4   | Gained mutation: You are in touch with the powers of death.
                  | [Mummy growth]
 21363 | Lair:4   | Reached XP level 13. HP: 70/101 MP: 2/28
 21672 | Lair:4   | Found a frozen archway.
 21681 | Lair:4   | Bought a faintly glowing leather armour for 203 gold pieces
 21681 | Lair:4   | Bought a transparent leather armour for 203 gold pieces
 21681 | Lair:4   | Bought a distressingly furry robe for 165 gold pieces
 21681 | Lair:4   | Bought a bloodstained robe for 165 gold pieces
 21681 | Lair:4   | Identified the cursed +1 leather armour of the Pure Eyes
                  | {Str+3 Stlth+} (You bought it in a shop on level 4 of the
                  | Lair of Beasts)
 21682 | Lair:4   | Identified the cursed +0 leather armour "Pah Vax" {+Blink
                  | MR+ Regen+ Str-5} (You bought it in a shop on level 4 of
                  | the Lair of Beasts)
 21683 | Lair:4   | Identified the cursed +0 robe "Days" {rCorr} (You bought it
                  | in a shop on level 4 of the Lair of Beasts)
 21684 | Lair:4   | Identified the +2 robe of Space {rPois Int+3 Dex+3} (You
                  | bought it in a shop on level 4 of the Lair of Beasts)
 21716 | IceCv    | Entered an ice cave
 22046 | IceCv    | Learned a level 5 spell: Fireball
 23804 | IceCv    | Found an ancient bone altar of Kikubaaqudgha.
 24589 | Lair:4   | Found a staircase to the Snake Pit.
 25961 | Lair:3   | Found a staircase to the Swamp.
 27073 | Lair:5   | Noticed Urug
 27096 | Lair:5   | Killed Urug
 27670 | Lair:6   | Entered Level 6 of the Lair of Beasts
 27849 | Lair:6   | Reached XP level 14. HP: 109/109 MP: 16/30
 28151 | Lair:6   | Reached skill level 10 in Fighting
 29712 | D:14     | Found a deep blue altar of Sif Muna.
 30783 | D:14     | Found a gate to the Vaults.
 31299 | D:15     | Entered Level 15 of the Dungeon
 32043 | D:11     | Killed Josephine
 32764 | D:10     | Noticed Joseph
 32779 | D:10     | Reached skill level 10 in Dodging
 32789 | D:10     | Killed Joseph
 33786 | Orc:1    | Found a roughly hewn altar of Beogh.
 33828 | Orc:1    | Found Mosehy's Book Shoppe.
 34381 | Orc:2    | Entered Level 2 of the Orcish Mines
 34381 | Orc:2    | Noticed Nessos
 34706 | Orc:2    | Noticed Donald
 35593 | Swamp:1  | Entered Level 1 of the Swamp
 36265 | Orc:2    | Noticed Maurice
 36300 | Orc:2    | Killed Maurice
 36429 | Orc:2    | HP: 5/116 [Nessos/arrow (15)]
 36429 | Orc:2    | Shot with an arrow by Nessos

Skill      XL: |  1  2  3  4  5  6  7  8  9 10 11 12 13 14 |
---------------+-------------------------------------------+-----
Conjurations   | 1 2 3 4 6 8 9 |  9.3
Spellcasting   | 3 4 5 6 8 9 11 12 | 12.6
Fire Magic     | 3 4 6 8 9 |  9.3
Fighting       | 4 7 9 12 | 12.7
Dodging        | 4 6 8 10 | 10.0
Armour         | 6 7 |  7.5
Stealth        | |  1.5

Action                   |  1- 3 |  4- 6 |  7- 9 | 10-12 | 13-15 || total
-------------------------+-------+-------+-------+-------+-------++-------
Melee: Unarmed           |     2 |       |       |       |       ||     2
       Short sword       |     9 |       |       |       |       ||     9
       Dagger            |       |    17 |    34 |    35 |       ||    86
       Whip              |       |       |       |   202 |   187 ||   389
 Cast: Flame Tongue      |    66 |   140 |   274 |   559 |   886 ||  1925
       Sticky Flame      |       |       |    24 |   119 |   175 ||   318
       Conjure Flame     |       |       |     2 |    25 |     3 ||    30
       Inner Flame       |       |       |     1 |     3 |       ||     4
       Fireball          |       |       |       |       |    68 ||    68
Invok: Potion Petition   |       |       |       |       |     7 ||     7
       Call Merchant     |       |       |       |       |     2 ||     2
  Use: Scroll            |     2 |       |     8 |     3 |    13 ||    26
 Stab: Invisible         |       |       |     1 |       |       ||     1
       Distracted        |       |       |       |     3 |     2 ||     5
Armor: Robe              |     9 |    10 |    15 |    14 |       ||    48
       Quicksilver drago |       |       |    86 |   138 |   324 ||   548
Dodge: Dodged            |    50 |    58 |   143 |   592 |  1080 ||  1923
